GCL
ST. LOUIS (GCL) CARDINALS @ TORONTO (GCL) BLUE JAYS
09/08/2099
 
TOP OF THE 1ST
St. Louis (GCL) Cardinals batting - Pitching for Toronto (GCL) Blue Jays : RHP Mike Montalvo
Pitching: RHP Mike Montalvo
Batting: RHB Bobby Howard 0-0: Foul Ball, location: 2F
0-1: Ball
1-1: Ball
2-1: Foul Ball, location: 2F
2-2: Ball
3-2: Base on Balls
Batting: RHB Kevin Pirro 0-0: Ball
1-0: SINGLE (Line Drive, 3D, EV 103.1 MPH)
Bobby Howard to second
Batting: RHB Steve Chance 0-0: Ball
1-0: SINGLE (Flyball, 4D, EV 95.6 MPH)
Bobby Howard to third
Kevin Pirro to second
Batting: LHB Rob Corsi 0-0: Ball
1-0: Swinging Strike
1-1: Ball
2-1: Called Strike
2-2: Foul Ball, location: 2F
2-2: Strikes out swinging
Batting: RHB Carl Fure 0-0: SINGLE (Flyball, 3D, EV 97.5 MPH)
Bobby Howard scores
Kevin Pirro to third
Steve Chance to second
Batting: SHB Manny Soto 0-0: Called Strike
0-1: Foul Ball, location: 2F
0-2: Strikes out swinging
Batting: RHB Tony Torrens 0-0: Called Strike
0-1: Called Strike
0-2: Ball
1-2: Foul Ball, location: 5F
1-2: Strikes out swinging
Top of the 1st over - 1 run, 3 hits, 0 errors, 3 left on base; St. Louis (GCL) 1 - Toronto (GCL) 0
BOTTOM OF THE 1ST
Toronto (GCL) Blue Jays batting - Pitching for St. Louis (GCL) Cardinals : RHP Jim Unknown
Pitching: RHP Jim Unknown
Batting: LHB Nick Maruschak 0-0: Swinging Strike
0-1: Ball
1-1: SINGLE (Flyball, 9LS, EV 92.5 MPH)
Batting: LHB Jason Bruner 0-0: Fly out, F4 (Flyball, 3D, EV 98.8 MPH)
Batting: RHB Ryan Hill 0-0: Called Strike
0-1: Grounds into double play, 6-4-3 (Groundball, 6, EV 85.0 MPH)
Bottom of the 1st over - 0 runs, 1 hit, 0 errors, 0 left on base; St. Louis (GCL) 1 - Toronto (GCL) 0
TOP OF THE 2ND
St. Louis (GCL) Cardinals batting - Pitching for Toronto (GCL) Blue Jays : RHP Mike Montalvo
Batting: RHB Alvaro Rodriguez 0-0: Called Strike
0-1: Ball
1-1: Swinging Strike
1-2: Ball
2-2: Strikes out looking
Batting: RHB David Rowe 0-0: SINGLE (Line Drive, 78S, EV 104.4 MPH)
Batting: RHB Bobby Howard 0-0: Ball
1-0: Grounds into double play, 5-4-3 (Groundball, 5L, EV 80.0 MPH)
Top of the 2nd over - 0 runs, 1 hit, 0 errors, 0 left on base; St. Louis (GCL) 1 - Toronto (GCL) 0
BOTTOM OF THE 2ND
Toronto (GCL) Blue Jays batting - Pitching for St. Louis (GCL) Cardinals : RHP Jim Unknown
Batting: SHB Eric Kelley 0-0: Called Strike
0-1: Swinging Strike
0-2: Ball
1-2: Strikes out swinging
Batting: RHB Aidan Freeman 0-0: Called Strike
0-1: Swinging Strike
0-2: Ball
1-2: Ball
2-2: Foul Ball, location: 2F
2-2: Strikes out swinging
Batting: LHB Tom Milliman 0-0: DOUBLE (Line Drive, 9LM, EV 109.4 MPH)
Batting: RHB Chad Wagner 0-0: Called Strike
0-1: Foul Ball, location: 3SF
0-2: Strikes out swinging
Bottom of the 2nd over - 0 runs, 1 hit, 0 errors, 1 left on base; St. Louis (GCL) 1 - Toronto (GCL) 0
TOP OF THE 3RD
St. Louis (GCL) Cardinals batting - Pitching for Toronto (GCL) Blue Jays : RHP Mike Montalvo
Batting: RHB Kevin Pirro 0-0: Ball
1-0: Ball
2-0: Ball
3-0: Base on Balls
Batting: RHB Steve Chance 0-0: Ball
1-0: Grounds into double play, 5-4-3 (Groundball, 56, EV 90.0 MPH)
Batting: LHB Rob Corsi 0-0: Ball
1-0: Ball
2-0: Ground out 4-3 (Groundball, 4, EV 83.8 MPH)
Top of the 3rd over - 0 runs, 0 hits, 0 errors, 0 left on base; St. Louis (GCL) 1 - Toronto (GCL) 0
BOTTOM OF THE 3RD
Toronto (GCL) Blue Jays batting - Pitching for St. Louis (GCL) Cardinals : RHP Jim Unknown
Batting: LHB Matt Goble 0-0: Swinging Strike
0-1: Ball
1-1: Ball
2-1: Ball
3-1: SINGLE (Line Drive, 9LS, EV 91.9 MPH)
Batting: RHB Alex Mejia 0-0: Ball
Pickoff Throw to First - Out! 1-3 CS
1-0: Ball
2-0: Swinging Strike
2-1: Foul Ball, location: 9LSF
2-2: Foul Ball, location: 2F
2-2: Strikes out swinging
Batting: LHB Nick Maruschak 0-0: Called Strike
0-1: Foul Ball, location: 23F
0-2: Ball
1-2: Ball
2-2: Fly out, F4 (Popup, 4, EV 73.1 MPH)
Bottom of the 3rd over - 0 runs, 1 hit, 0 errors, 0 left on base; St. Louis (GCL) 1 - Toronto (GCL) 0
TOP OF THE 4TH
St. Louis (GCL) Cardinals batting - Pitching for Toronto (GCL) Blue Jays : RHP Mike Montalvo
Batting: RHB Carl Fure 0-0: Called Strike
0-1: Fly out, F7 (Line Drive, 78M, EV 91.9 MPH)
Batting: SHB Manny Soto 0-0: Called Strike
0-1: Ball
1-1: Ball
2-1: SINGLE (Line Drive, 89S, EV 100.0 MPH)
Batting: RHB Tony Torrens 0-0: Ball
1-0: Ball
2-0: Called Strike
2-1: Called Strike
2-2: Foul Ball, location: 3FF
2-2: Foul Ball, location: 25F
2-2: Strikes out swinging
Batting: RHB Alvaro Rodriguez 0-0: Called Strike
0-1: SINGLE (Groundball, 34D, EV 102.5 MPH)
Manny Soto to second
Runner from 2nd tries for 3rd, SAFE, throw by RF made to third
Batting: RHB David Rowe 0-0: Called Strike
0-1: Fly out, F8 (Flyball, 8RXD, EV 89.4 MPH)
Top of the 4th over - 0 runs, 2 hits, 0 errors, 2 left on base; St. Louis (GCL) 1 - Toronto (GCL) 0
BOTTOM OF THE 4TH
Toronto (GCL) Blue Jays batting - Pitching for St. Louis (GCL) Cardinals : RHP Jim Unknown
Batting: LHB Jason Bruner 0-0: Ball
1-0: Ball
2-0: Ball
3-0: Base on Balls
Batting: RHB Ryan Hill 0-0: Called Strike
0-1: Ball
1-1: Ball
2-1: Swinging Strike
2-2: Strikes out swinging
Batting: SHB Eric Kelley 0-0: Ball
1-0: Ball
2-0: Ball
3-0: Base on Balls
Jason Bruner to second
Batting: RHB Aidan Freeman 0-0: Ball
1-0: Grounds into double play, 6-4-3 (Groundball, 6, EV 98.8 MPH)
Bottom of the 4th over - 0 runs, 0 hits, 0 errors, 1 left on base; St. Louis (GCL) 1 - Toronto (GCL) 0
TOP OF THE 5TH
St. Louis (GCL) Cardinals batting - Pitching for Toronto (GCL) Blue Jays : RHP Mike Montalvo
Batting: RHB Bobby Howard 0-0: Ball
1-0: Called Strike
1-1: Fly out, F9 (Flyball, 9, EV 94.4 MPH)
Batting: RHB Kevin Pirro 0-0: Ball
1-0: Ball
2-0: SINGLE (Line Drive, 3D, EV 100.0 MPH)
Batting: RHB Steve Chance 0-0: Called Strike
0-1: DOUBLE (Flyball, 89D, EV 102.5 MPH)
Kevin Pirro to third
Runner from 3rd tries for Home, SAFE, throw by CF to home
Batting: LHB Rob Corsi 0-0: Called Strike
0-1: Ball
1-1: Ball
2-1: Foul Ball, location: 2F
2-2: Ball
3-2: Foul Ball, location: 3FF
3-2: Base on Balls
Batting: RHB Carl Fure 0-0: Ball
1-0: Called Strike
1-1: Called Strike
1-2: Strikes out swinging
Batting: SHB Manny Soto 0-0: Ball
1-0: Called Strike
1-1: SINGLE (Line Drive, 6M, EV 96.3 MPH)
Steve Chance to third
Rob Corsi to second
Runner from 3rd tries for Home, SAFE, throw by CF to home
Batting: RHB Tony Torrens 0-0: Ground out 4-3 (Groundball, 4, EV 105.6 MPH)
Top of the 5th over - 2 runs, 3 hits, 0 errors, 2 left on base; St. Louis (GCL) 3 - Toronto (GCL) 0
BOTTOM OF THE 5TH
Toronto (GCL) Blue Jays batting - Pitching for St. Louis (GCL) Cardinals : RHP Jim Unknown
Batting: LHB Tom Milliman 0-0: Called Strike
0-1: Swinging Strike
0-2: Ball
1-2: Strikes out looking
Batting: RHB Chad Wagner 0-0: Ball
1-0: Called Strike
1-1: Fly out, F8 (Line Drive, 8RS, EV 93.8 MPH)
Batting: LHB Matt Goble 0-0: Called Strike
0-1: Ball
1-1: Ball
2-1: Foul Ball, location: 7LDF
2-2: Ball
3-2: Foul Ball, location: 2F
3-2: Foul Ball, location: 5SF
3-2: Ground out U3 (Groundball, 3, EV 83.8 MPH)
Bottom of the 5th over - 0 runs, 0 hits, 0 errors, 0 left on base; St. Louis (GCL) 3 - Toronto (GCL) 0
TOP OF THE 6TH
St. Louis (GCL) Cardinals batting - Pitching for Toronto (GCL) Blue Jays : RHP Mike Montalvo
Batting: RHB Alvaro Rodriguez 0-0: Called Strike
0-1: Fly out, F9 (Flyball, 9S, EV 91.9 MPH)
Batting: RHB David Rowe 0-0: Called Strike
0-1: Ball
1-1: Swinging Strike
1-2: Strikes out swinging
Batting: RHB Bobby Howard 0-0: Called Strike
0-1: SINGLE (Line Drive, 4MD, EV 96.3 MPH)
Pitching: RHP Zach Middendorf
Batting: RHB Kevin Pirro 0-0: Ball
1-0: Foul Ball, location: 9LSF
1-1: Called Strike
1-2: Strikes out swinging
Top of the 6th over - 0 runs, 1 hit, 0 errors, 1 left on base; St. Louis (GCL) 3 - Toronto (GCL) 0
BOTTOM OF THE 6TH
Toronto (GCL) Blue Jays batting - Pitching for St. Louis (GCL) Cardinals : RHP Jim Unknown
Batting: RHB Alex Mejia 0-0: Ball
1-0: Foul Ball, location: 5F
1-1: Ball
2-1: Ball
3-1: Base on Balls
Batting: LHB Nick Maruschak 0-0: Fly out, F8 (Flyball, 8RM, EV 92.5 MPH)
Batting: LHB Jason Bruner 0-0: Ball
1-0: Foul Ball, location: 7LSF
1-1: Ball
2-1: Foul Ball, location: 7LSF
2-2: Ball
3-2: Foul Ball, location: 2F
3-2: Fly out, F9 (Line Drive, 89M, EV 98.8 MPH)
Pitching: RHP Jim Unknown
Batting: RHB Ryan Hill 0-0: Fly out, F6 (Line Drive, 6, EV 70.0 MPH)
Bottom of the 6th over - 0 runs, 0 hits, 0 errors, 1 left on base; St. Louis (GCL) 3 - Toronto (GCL) 0
TOP OF THE 7TH
St. Louis (GCL) Cardinals batting - Pitching for Toronto (GCL) Blue Jays : RHP Zach Middendorf
Batting: RHB Steve Chance 0-0: Ball
1-0: Ground out 6-3 (Groundball, 6, EV 103.8 MPH)
Batting: LHB Rob Corsi 0-0: Called Strike
0-1: Ball
1-1: Called Strike
1-2: Ball
2-2: DOUBLE (Groundball, 5L, EV 108.8 MPH)
Batting: RHB Carl Fure 0-0: Called Strike
0-1: Called Strike
0-2: Foul Ball, location: 23F
0-2: Strikes out swinging
Batting: SHB Manny Soto 0-0: Called Strike
0-1: Swinging Strike
0-2: Foul Ball, location: 7LDF
0-2: Ball
1-2: SINGLE (Groundball, 34D, EV 105.0 MPH)
Rob Corsi to third
Runner from 3rd tries for Home, SAFE, throw by RF to home
Manny Soto to second
Batting: RHB Tony Torrens 0-0: Called Strike
0-1: Ball
1-1: Foul Ball, location: 2F
1-2: Ground out 5-3 (Groundball, 56, EV 80.0 MPH)
Top of the 7th over - 1 run, 2 hits, 0 errors, 1 left on base; St. Louis (GCL) 4 - Toronto (GCL) 0
BOTTOM OF THE 7TH
Toronto (GCL) Blue Jays batting - Pitching for St. Louis (GCL) Cardinals : RHP Jim Unknown
Batting: SHB Eric Kelley 0-0: Ball
1-0: Ball
2-0: Ball
3-0: Foul Ball, location: 7LSF
3-1: Base on Balls
Pinch Hitting: RHB Chris Abbott 0-0: Ball
1-0: Swinging Strike
1-1: Ball
2-1: Ball
3-1: SINGLE (Line Drive, 7S, EV 93.8 MPH)
Eric Kelley to second
Batting: LHB Tom Milliman 0-0: Swinging Strike
0-1: Called Strike
0-2: Foul Ball, location: 5FF
0-2: Ball
1-2: Ball
2-2: Strikes out looking
Pinch Hitting: RHB Malik Muhammad 0-0: Fly out, F8 (Flyball, 78XD, EV 88.1 MPH)
Runner from 2nd tags up, SAFE at 3rd, no throw by CF
Batting: LHB Matt Goble 0-0: Ball
1-0: Foul Ball, location: 7LDF
1-1: Ball
2-1: Reached on error, E3 (Groundball, 3, EV 80.0 MPH)
Eric Kelley scores
Chris Abbott to second
Batting: RHB Alex Mejia 0-0: 3-RUN HOME RUN (Flyball, 78XD, EV 107.5 MPH), Distance : 398 ft
Pitching: RHP Jim Unknown
Batting: LHB Nick Maruschak 0-0: Ball
1-0: Called Strike
1-1: Fly out, F5 (Popup, 56S, EV 78.1 MPH)
Bottom of the 7th over - 4 runs, 2 hits, 1 error, 0 left on base; St. Louis (GCL) 4 - Toronto (GCL) 4
TOP OF THE 8TH
St. Louis (GCL) Cardinals batting - Pitching for Toronto (GCL) Blue Jays : RHP Zach Middendorf
Pitching: RHP Justin Lee
Now at 1B: Cory Jackson
Now at SS: Chris Abbott
Pinch Hitting: SHB Clay Russo 0-0: Ball
1-0: Ball
2-0: Foul Ball, location: 2F
2-1: Foul Ball, location: 7LSF
2-2: Foul Ball, location: 7LDF
2-2: Foul Ball, location: 25F
2-2: Foul Ball, location: 2F
2-2: Ground out 4-3 (Groundball, 4M, EV 101.9 MPH)
Pinch Hitting: RHB Jim Snyder 0-0: Ball
1-0: Foul Ball, location: 3F
1-1: Called Strike
1-2: Ball
2-2: Ball
3-2: TRIPLE (Flyball, 89XD, EV 107.5 MPH)
Pinch Hitting: LHB Chun-hwan Choi 0-0: Ball
1-0: SINGLE (Line Drive, 78S, EV 105.0 MPH)
Jim Snyder scores
Batting: RHB Kevin Pirro 0-0: Called Strike
0-1: Ball
1-1: Swinging Strike
1-2: Ball
2-2: Ball
3-2: Foul Ball, location: 3DF
3-2: Base on Balls
Chun-hwan Choi to second
Batting: RHB Steve Chance 0-0: Foul Ball, location: 2F
0-1: Ball
1-1: Ground out 5-3 (Groundball, 56S, EV 76.3 MPH)
Chun-hwan Choi to third
Kevin Pirro to second
Batting: LHB Rob Corsi 0-0: Fly out, F8 (Flyball, 8RD, EV 101.3 MPH)
Top of the 8th over - 1 run, 2 hits, 0 errors, 2 left on base; St. Louis (GCL) 5 - Toronto (GCL) 4
BOTTOM OF THE 8TH
Toronto (GCL) Blue Jays batting - Pitching for St. Louis (GCL) Cardinals : RHP Jim Unknown
Now at 2B: Chris McInturff
Now at 3B: Rob Corsi
Now at SS: Russ Wendland
Now in LF: Fabian Brown
Batting: LHB Jason Bruner 0-0: Ball
1-0: Called Strike
1-1: Called Strike
1-2: Foul Ball, location: 7LDF
1-2: Strikes out swinging
Batting: LHB Matt Barnes 0-0: Foul Ball, location: 2F
0-1: Foul Ball, location: 5SF
0-2: Foul Ball, location: 5FF
0-2: Ball
1-2: Ball
2-2: Ground out 6-3 (Groundball, 6MD, EV 98.8 MPH)
Batting: SHB Eric Kelley 0-0: Ball
1-0: Foul Ball, location: 2F
1-1: Ball
2-1: Ball
3-1: Base on Balls
Batting: RHB Chris Abbott 0-0: Called Strike
0-1: Swinging Strike
0-2: Ball
1-2: Strikes out swinging
Bottom of the 8th over - 0 runs, 0 hits, 0 errors, 1 left on base; St. Louis (GCL) 5 - Toronto (GCL) 4
TOP OF THE 9TH
St. Louis (GCL) Cardinals batting - Pitching for Toronto (GCL) Blue Jays : RHP Justin Lee
Pitching: LHP Gary Norris
Batting: RHB Dave Herman 0-0: Called Strike
0-1: Ball
1-1: Ground out 5-3 (Groundball, 56, EV 81.3 MPH)
Batting: SHB Manny Soto 0-0: Swinging Strike
0-1: Ball
1-1: Ball
2-1: Called Strike
2-2: Ball
3-2: Strikes out looking
Pinch Hitting: RHB Daniel Ocampo 0-0: Called Strike
0-1: Ball
1-1: Ball
2-1: Called Strike
2-2: Strikes out swinging
Top of the 9th over - 0 runs, 0 hits, 0 errors, 0 left on base; St. Louis (GCL) 5 - Toronto (GCL) 4
BOTTOM OF THE 9TH
Toronto (GCL) Blue Jays batting - Pitching for St. Louis (GCL) Cardinals : RHP Jim Unknown
Now at C: Dave Parker
Batting: LHB Tom Milliman 0-0: Swinging Strike
0-1: Foul Ball, location: 9LMF
0-2: Ball
1-2: Strikes out swinging
Pinch Hitting: RHB Pedro Rivera 0-0: Foul Ball, location: 5FF
0-1: Foul Ball, location: 9LDF
0-2: Fly out, F4 (Popup, 23, EV 88.1 MPH)
Batting: LHB Matt Goble 0-0: Ball
1-0: Ball
2-0: Called Strike
2-1: Fly out, F9 (Flyball, 9, EV 76.3 MPH)
Bottom of the 9th over - 0 runs, 0 hits, 0 errors, 0 left on base; St. Louis (GCL) 5 - Toronto (GCL) 4
Thursday, May 16th , 2024 - OOTP Baseball 24.11 Build 85